 Dungeon Crawl Stone Soup version 0.17-a0-1691-g18a3847 (webtiles) character file.

95 ololoev the Cutter (level 4, 0/36 HPs)
             Began as a Draconian Warper on Aug 20, 2015.
             Slain by a human (7 damage)
             ... on level 2 of the Dungeon.
             The game lasted 00:05:46 (2129 turns).

ololoev the Cutter (Draconian Warper)               Turns: 2129, Time: 00:05:46

Health: 0/36       AC:  5    Str: 14    XL:     4   Next: 39%
Magic:  1/7        EV: 12    Int: 14    God:
Gold:   83         SH:  0    Dex: 10    Spells: 2 memorised, 4 levels left

rFire  . . .     SeeInvis .     a - +0 short sword
rCold  . . .     Clarity  +     (armour unavailable)
rNeg   . . .     SustAt   .     (no shield)
rPois  .         Gourm    .     (helmet restricted)
rElec  .         Spirit   .     (no cloak)
rCorr  .         Warding  .     (no gloves)
rMut   .         Stasis   .     (no boots)
MR     .....                    k - amulet of clarity
Stlth  +.........               (no ring)
                                (no ring)

@: not resistant to hostile enchantments, very unstealthy
A: unfitting armour, cold-blooded, AC +5
a: no special abilities


Innate Abilities, Weirdness & Mutations

Your plain brown scales are hard (AC +5).
Your body does not fit into most forms of armour.
You are cold-blooded and may be slowed by cold attacks.

Inventory:

Hand weapons
 a - a +0 short sword (weapon)
Missiles
 b - a javelin (quivered)
Jewellery
 k - an amulet of clarity (around neck)
Magical devices
 m - a wand of digging (14)
Scrolls
 c - a scroll of blinking
 g - 3 scrolls of identify {unknown}
 o - a scroll of fog {unknown}
Potions
 d - a potion of haste {unknown}
 h - a potion of degeneration {unknown}
 j - a potion of agility
 l - a potion of heal wounds {unknown}
 p - a potion of invisibility {unknown}
Comestibles
 e - 2 bread rations
 f - 3 meat rations


   Skills:
 - Level 2.1 Fighting
 * Level 4.0 Short Blades
 + Level 2.2 Throwing
 - Level 2.1 Dodging
 - Level 2.0 Spellcasting
 - Level 3.0 Translocations


You had 4 spell levels left.
You knew the following spells:

 Your Spells              Type           Power        Failure   Level  Hunger
a - Apportation           Tloc           #.........   10%         1    ##.....
b - Blink                 Tloc           N/A          12%         2    ###....


You were on level 2 of the Dungeon.
You were very hungry.

You visited 1 branch of the dungeon, and saw 2 of its levels.

You collected 83 gold pieces.

#.# # ##'####### #
####........# #
...'........# #
.###........# # .#
#........# # .# #........#
.# ##################### .#
######.<@......# .#
######......p...(...# .#
#...............(...# .#
#...................#######
.#
#((.....###...............#
.# #.......#
#...............# .#
#.......#
#########......#####
.###.......# #..###.#...#
...'....(..# ##.#.'.#._.#

Notes
Turn   | Place    | Note
--------------------------------------------------------------
     0 | D:1      | ololoev the Draconian Warper began the quest for the Orb.
     0 | D:1      | Reached XP level 1. HP: 17/17 MP: 3/3
   112 | D:1      | Reached XP level 2. HP: 22/24 MP: 5/5
   137 | D:1      | Learned a level 2 spell: Blink
   153 | D:1      | Reached skill level 1 in Throwing
   963 | D:2      | Reached XP level 3. HP: 24/29 MP: 6/6
  1278 | D:2      | Noticed a human
  1279 | D:2      | Found a runed door.
  1530 | D:2      | Found a basalt altar of Yredelemnul.
  1551 | D:2      | Reached skill level 4 in Short Blades
  1551 | D:2      | Reached XP level 4. HP: 21/36 MP: 7/7
  2129 | D:2      | Slain by a human

Dungeon Overview and Level Annotations

Branches:
Dungeon (2/15)

Altars:
Yredelemnul


Message History

b - a javelin
Casting: Blink
Confirm with . or Enter, or press ? or * to list all spells.
You miscast Blink.
You are very lightly contaminated with residual magic.
You feel uncomfortable. The human completely misses you.
Casting: Blink
Confirm with . or Enter, or press ? or * to list all spells.
You blink.
Throwing (i - inventory):
b - a javelin (quivered)
Press: ? - help, Shift-Dir - straight line, f/p - human
Aim: a human (severely wounded)
You throw a javelin. The javelin hits the human.
The human is almost dead.
You see here a tomahawk.
i - a tomahawk Throwing (i - inventory):
i - a tomahawk (quivered)
Press: ? - help, Shift-Dir - straight line, f/p - human
Aim: a human (almost dead)
You throw a tomahawk. The tomahawk hits the human.
The human is almost dead.
The human hits you!
You hit the human.
You tail-slap the human, but do no damage.
The human is almost dead.
The human misses you.
You are feeling very hungry.
Your magical contamination has completely faded away.
You feel a little less agile now.
Casting: Blink
Confirm with . or Enter, or press ? or * to list all spells.
You blink.
You see here a javelin.
b - a javelin The human closely misses you.
Casting: Blink
Confirm with . or Enter, or press ? or * to list all spells.
You blink.
The human hits you!
You die...

You could see a human.

Vanquished Creatures
  A human zombie (D:2)
  3 adders (D:2)
  A worm (D:2)
  A giant gecko (D:1)
  A giant cockroach (D:1)
  4 hobgoblins
  2 jackals (D:2)
  3 ball pythons
  7 bats
  2 goblins (D:1)
  7 kobolds
  A kobold zombie (D:2)
  4 rats
37 creatures vanquished.

Vanquished Creatures (others)
  5 toadstools (D:1)
5 creatures vanquished.

Grand Total: 42 creatures vanquished

Action                   |  1- 3 |  4- 6 || total
-------------------------+-------+-------++-------
Melee: Short sword       |   148 |    25 ||   173
Throw: Tomahawk          |    13 |    15 ||    28
       Javelin           |     2 |     8 ||    10
 Cast: Blink             |       |    16 ||    16
  Use: Potion            |       |     1 ||     1
 Stab: Sleeping          |     1 |       ||     1
  Eat: Chunk             |     1 |       ||     1
       Fruit             |       |     2 ||     2
       Pizza             |       |     1 ||     1

Vault maps used:
D:1:      ldierk_walled_garden
D:2:      fedhas_altar_fruit_tree, first_bread, solitary_fountain,
          dk_yredelemnul_ordeal
